Map: Acid Plant LE

Players

Yuurei - Winner!

  • Race: Terran Terran
  • League: Diamond
  • Spawn Location: 5:00

MagiciaN

  • Race: Terran Terran
  • League: Diamond
  • Spawn Location: 11:00

VOD

Have the link to the VOD?

Description

I'm (ZephynM) playing as "Yuurei" which means "Ghost" in Japanese. There are a lot of nukes in this TvT, Bio vs Mech.

Time

  • Played on: Sept. 20, 2018, 9:45 p.m.
  • Length: 32:59
Show
View Real Time Build Order
Export as new Build Order

Yuurei Terran - Winner!

Build Orders: MMM Bio 

Get SALT Encoding   

  12  0:01  SCV  
  13  0:13  SCV  
  14  0:19  Supply Depot  
  14  0:25  SCV  
  15  0:40  SCV  
  15  0:42  Barracks  
  16  0:53  SCV  
  17  0:57  Refinery  
  17  1:03  Refinery  
  17  1:05  SCV  
  18  1:17  SCV  
  19  1:28  Supply Depot  
  19  1:30  Orbital Command, Marine  
  20  1:48  Marine  
  20  1:49  Factory  
  21  1:55  SCV  
  22  2:06  Marine  
  22  2:08  SCV  
  24  2:20  SCV  
  25  2:25  Marine  
  25  2:26  Supply Depot  
  25  2:32  Factory Tech Lab  
  25  2:34  Starport  
  25  2:37  SCV  
  25  2:42  Engineering Bay  
  26  2:49  SCV  
  26  2:50  Barracks Reactor  
  27  2:56  Siege Tank  
  30  3:01  SCV  
  31  3:06  Supply Depot  
  31  3:15  Viking  
  31  3:17  SCV  
  34  3:28  Supply Depot  
  34  3:31  Missile Turret  
  34  3:33  Marine x2  
  36  3:37  SCV  
  37  3:54  Raven  
  37  3:55  Marine x2  
  41  4:04  Factory Tech Lab  
  41  4:05  SCV  
  42  4:16  Command Center  
  42  4:17  Marine x2  
  44  4:25  Siege Tank  
  44  4:31  SCV  
  48  4:35  Engineering Bay  
  48  4:45  SCV  
  49  4:51  Supply Depot  
  49  4:52  Supply Depot  
  49  4:57  SCV  
  49  4:59  Marine  
  51  5:01  Stimpack  
  51  5:04  Medivac  
  53  5:09  SCV  
  53  5:11  Terran Infantry Weapons Level 1  
  54  5:15  Terran Infantry Armor Level 1  
  54  5:21  SCV  
  55  5:25  Viking  
  57  5:44  Refinery  
  57  5:45  Marine  
  57  5:46  Refinery  
  58  5:52  Barracks  
  58  5:53  Barracks  
  58  5:55  Orbital Command  
  59  5:57  SCV  
  59  6:01  Medivac  
  61  6:05  Medivac  
  52  6:29  Marine  
  52  6:30  Siege Tank  
  52  6:32  SCV x2  
  54  6:41  Marine x2  
  54  6:44  SCV x2  
  54  6:47  Marine  
  59  6:56  SCV  
  59  6:57  SCV  
  59  7:10  SCV x2  
  61  7:18  Supply Depot  
  61  7:20  Marine x3  
  61  7:21  Siege Tank, Medivac  
  61  7:22  SCV x2, Medivac  
  73  7:32  Armory  
  73  7:36  Supply Depot  
  74  7:37  SCV x2  
  74  7:38  Marine  
  74  7:40  Supply Depot  
  76  7:50  SCV x2  
  78  7:55  Marine x2  
  80  7:58  Command Center  
  80  8:03  Marine  
  81  8:09  Barracks  
  81  8:12  Combat Shield  
  81  8:13  Marine x2  
  81  8:18  Siege Tank  
  77  8:29  SCV x2  
  77  8:33  Barracks Tech Lab x2  
  79  8:38  Terran Infantry Armor Level 2, Terran Infantry Weapons Level 2  
  79  8:41  Barracks  
  79  8:43  Barracks  
  79  8:46  Marine  
  80  8:59  Marine x2  
  80  9:01  Concussive Shells  
  83  9:03  Barracks Reactor  
  83  9:08  Ghost Academy, Marine  
  83  9:11  Orbital Command  
  83  9:14  SCV x2  
  85  9:21  Marine, Barracks x2  
  85  9:22  Marine  
  87  9:26  Marine  
  88  9:40  Personal Cloaking  
  88  9:44  Marine  
  88  9:45  Marine x6  
  95  9:56  Medivac x2  
  95  9:57  Sensor Tower  
  95  9:58  Sensor Tower  
  99  10:02  Marine x2  
  99  10:03  Orbital Command, Marine x3  
  104  10:12  Starport x2  
  104  10:13  Barracks Tech Lab x2  
  104  10:21  Barracks Reactor  
  104  10:22  Barracks Tech Lab  
  104  10:25  Refinery  
  104  10:29  Refinery, SCV x2  
  104  10:30  SCV  
  107  10:41  SCV  
  108  10:44  Marine x8  
  108  10:49  Starport Tech Lab x2  
  116  10:52  Terran Vehicle And Ship Armor Level 1  
  116  11:02  Marine x2  
  118  11:08  Marine  
  118  11:09  Marine x6  
  125  11:13  Supply Depot, Marine  
  125  11:14  Supply Depot  
  125  11:15  Supply Depot  
  91  11:33  Ghost  
  91  11:34  Ghost x4  
  91  11:35  Marine x4, Ghost  
  107  11:41  Terran Infantry Weapons Level 3  
  107  11:45  SCV x3  
  107  11:46  Terran Infantry Armor Level 3  
  110  12:03  Command Center  
  110  12:06  Supply Depot  
  110  12:07  Supply Depot  
  110  12:09  Supply Depot  
  110  12:10  Supply Depot  
  110  12:13  SCV x3  
  110  12:14  Marine x3  
  116  12:20  Medivac  
  116  12:21  Medivac  
  120  12:32  Corvid Reactor  
  120  12:38  Nuke  
  120  12:49  Supply Depot  
  120  12:50  Terran Vehicle And Ship Armor Level 2  
  120  12:51  Supply Depot  
  120  12:54  Ghost Academy  
  120  12:55  Ghost Academy, Marine x8  
  120  12:56  Marine  
  129  13:09  Siege Tank  
  132  13:16  Factory  
  132  13:17  Supply Depot  
  132  13:20  Marine x5  
  132  13:22  Marauder x4  
  145  13:33  Marine  
  146  13:35  Raven x2  
  146  13:37  Medivac x2  
  154  13:42  Marine x6  
  154  13:45  Planetary Fortress  
  159  13:54  Nuke  
  159  13:55  Nuke x2  
  159  13:57  Ghost x2  
  161  14:08  Refinery x2, SCV x3  
  164  14:15  Sensor Tower  
  164  14:26  SCV x4, Marine  
  164  14:27  Marine x9  
  164  14:29  Factory Tech Lab  
  164  14:30  Siege Tank  
  181  14:33  Hi-Sec Auto Tracking, Structure Armor  
  181  14:44  Marine  
  182  14:49  Marine, Ghost  
  182  14:50  Marauder, Marine x2, Ghost x2  
  182  14:51  Marauder, Marine  
  196  15:05  Command Center  
  163  15:24  Marine x3, Ghost x3  
  163  15:25  Marauder x3, Marine  
  156  15:34  Raven  
  158  15:41  SCV x4  
  162  15:46  Marauder  
  164  15:52  Marine x6  
  164  15:53  Marine  
  171  16:11  Nuke  
  171  16:12  Nuke x2  
  171  16:14  Marine x3, Ghost x2  
  171  16:15  Marauder x3, Marine x2  
  176  16:32  Marine  
  152  16:38  Marine x3, Ghost x2  
  152  16:39  Marauder x2  
  151  16:42  Ghost  
  151  16:43  Marauder  
  153  16:49  Marine  
  154  16:56  Marine  
  155  17:07  Medivac x3  
  161  17:08  Medivac  
  161  17:15  Refinery  
  163  17:17  Refinery  
  163  17:20  Sensor Tower  
  159  17:49  Marine x2, Ghost x3  
  159  17:50  Marauder x3, Marine x2  
  171  18:00  Orbital Command, Command Center  
  171  18:07  Marine x2  
  171  18:11  Marauder, Ghost  
  177  18:37  Marauder, Marine x4, Ghost x2  
  177  18:38  Marauder x2, Viking  
  177  18:39  Viking x3  
  199  18:55  Nuke x3  
  199  18:58  Ghost  
  199  18:59  Marauder  
  183  19:05  Marine x3, Ghost x2  
  183  19:06  Marauder x2, Marine  
  182  19:20  Marauder  
  182  19:23  Marine x3  
  182  19:24  Marine  
  182  19:26  Ghost  
  182  19:27  Marauder  
  182  19:28  Marauder, Medivac  
  182  19:29  Medivac x2  
  195  19:33  Ghost  
  195  19:35  Marauder  
  195  19:37  Medivac  
  200  19:46  Nuke x3  
  200  19:52  Command Center  
  198  20:06  Marauder, Marine x2, Ghost x2  
  200  20:07  Marauder  
  187  20:15  Marine  
  188  20:21  Planetary Fortress  
  188  20:32  Refinery  
  188  20:44  Nuke x3  
  188  20:46  Refinery, Marine, Ghost x2  
  188  20:47  Marauder x2, Marine x3  
  192  20:59  Marine  
  192  21:00  Marauder  
  193  21:04  Marine  
  193  21:08  Ghost  
  193  21:10  Ghost Academy x2  
  196  21:13  Marine x2  
  196  21:14  Marauder  
  194  21:29  Marine x2, Ghost x2  
  194  21:30  Marauder x2  
  194  21:31  Marine, Viking x4  
  199  21:44  Nuke x2  
  199  21:55  Marine  
  199  21:57  Nuke  
  200  22:30  Sensor Tower  
  194  22:41  Nuke x2  
  162  23:10  Marine x3, Ghost x3  
  162  23:11  Marauder x3, Marine  
  162  23:12  Viking x4  
  175  23:19  Nuke x3  
  177  23:28  Marine  
  177  23:31  Ghost  
  177  23:32  Marauder  
  176  23:35  Marauder, Marine x3  
  176  23:38  Ghost  
  176  23:39  Marauder, Ghost  
  187  23:44  Medivac x2  
  187  23:45  Medivac x2  
  187  23:46  Marine  
  196  23:52  Marine  
  196  23:53  Marauder, Marine  
  190  23:56  Ghost  
  190  24:00  Ghost  
  190  24:01  Marauder  
  162  24:06  Marine x2  
  162  24:07  Ghost  
  162  24:08  Marauder  
  151  24:10  Marine  
  151  24:15  Marauder  
  154  24:21  Ghost  
  156  24:24  Ghost  
  156  24:27  Nuke  
  133  24:44  Nuke x2  
  117  24:47  Marauder, Marine x4, Ghost x2  
  117  24:48  Marauder  
  117  24:51  Marauder  
  131  24:53  Marine  
  132  25:04  Marine  
  132  25:05  Marine x2  
  135  25:14  Marine x5  
  136  25:15  Marine  
  136  25:16  Marine  
  142  25:21  Medivac  
  142  25:22  Marine, Medivac x3  
  142  25:23  Marine x2  
  153  25:31  Marine  
  153  25:32  Marine x2  
  153  25:34  Nuke x3  
  152  25:39  Marine, Ghost  
  152  25:40  Marauder, Marine x2  
  145  25:50  Marauder, Ghost  
  145  25:54  Marine  
  145  25:55  Marine x2  
  152  25:57  Nuke, Ghost  
  152  25:58  Marauder, Marine  
  152  26:01  Marine  
  157  26:08  Marine  
  153  26:11  Marine  
  153  26:12  Marine  
  153  26:14  Nuke  
  144  26:37  Marine x7  
  144  26:38  Marine x3  
  142  26:55  Marine x10  
  142  27:01  Nuke, Barracks  
  152  27:02  Barracks x3  
  152  27:11  Nuke x3  
  140  27:30  Marine x2, Ghost x3  
  140  27:31  Marauder x3, Marine x2  
  140  27:36  Refinery  
  156  27:48  Marine x3  
  156  27:49  Marine  
  160  28:11  Nuke x3, Marine  
  160  28:12  Marauder, Marine x8  
  164  28:13  Marine x2  
  164  28:14  Marine x2  
  171  28:20  Orbital Command  
  141  28:33  Marine x3, Ghost x3  
  141  28:34  Marauder x3, Marine  
  141  28:37  Barracks Tech Lab x4  
  141  28:54  Ghost  
  141  28:55  Marauder, Ghost  
  141  29:01  Ghost  
  141  29:10  Nuke  
  141  29:11  Nuke x2  
  141  29:38  Marine  
  141  29:39  Marine x2, Ghost x2  
  141  29:40  Marauder x3, Marine x3, Ghost x2  
  141  29:41  Marauder  
  141  29:42  Medivac x3  
  141  29:43  Medivac  
  141  29:56  Marine  
  141  29:57  Ghost  
  141  29:58  Marauder  
  141  30:08  Nuke x3  
  141  30:18  Nuke x2  
  141  30:45  Refinery  
  141  30:46  Refinery  
  141  31:02  Nuke x3  
  141  31:35  Nuke x2  
  141  31:38  Command Center  
  141  32:13  Nuke x3  
Show
View Real Time Build Order
Export as new Build Order

MagiciaN Terran 

Build Orders: Cyclone Opening, Mech 

Get SALT Encoding   

  12  0:00  SCV  
  13  0:13  SCV  
  14  0:17  Supply Depot  
  14  0:25  SCV  
  14  0:28  Refinery  
  15  0:39  SCV  
  16  0:45  Barracks  
  16  0:51  SCV  
  16  0:57  Refinery  
  17  1:03  SCV  
  18  1:15  SCV  
  19  1:27  SCV  
  19  1:32  Reaper  
  21  1:35  Factory  
  22  1:40  SCV  
  22  1:47  Supply Depot  
  22  1:58  Orbital Command  
  22  2:05  Barracks Reactor  
  22  2:20  Cyclone  
  25  2:29  SCV  
  26  2:32  Supply Depot  
  26  2:47  SCV  
  26  2:49  Barracks Tech Lab  
  27  2:59  Cyclone x2  
  27  3:05  Starport, SCV  
  34  3:18  Supply Depot  
  34  3:24  SCV  
  35  3:33  Hellion  
  35  3:34  Hellion  
  39  3:40  SCV  
  40  3:48  Supply Depot  
  40  3:50  Raven  
  40  3:52  SCV  
  43  4:01  Command Center  
  43  4:05  Hellion  
  43  4:09  Hellion  
  47  4:12  SCV  
  48  4:26  Cyclone  
  48  4:30  Cyclone  
  54  4:34  Supply Depot  
  54  4:45  SCV  
  55  4:55  Viking  
  55  4:57  SCV  
  58  5:04  Supply Depot  
  58  5:05  Hellion x2  
  62  5:13  Orbital Command  
  62  5:19  SCV  
  65  5:28  Hellion  
  65  5:29  Hellion  
  65  5:31  SCV  
  68  5:38  Starport Reactor  
  68  5:43  Factory  
  68  5:45  Factory  
  68  5:47  SCV  
  68  5:48  SCV  
  70  5:59  SCV  
  70  6:01  SCV  
  70  6:02  Hellion x2  
  76  6:11  SCV  
  76  6:13  SCV  
  71  6:30  SCV x2  
  71  6:32  Factory Tech Lab, Viking x2  
  73  6:33  Siege Tank  
  73  6:37  Refinery x2  
  76  6:42  SCV x2  
  78  6:50  Command Center  
  78  6:54  SCV x2  
  80  7:06  SCV x2  
  80  7:11  Siege Tank x2  
  86  7:17  Hellion x2  
  86  7:18  SCV  
  86  7:19  SCV  
  86  7:21  Supply Depot  
  85  7:23  Supply Depot  
  85  7:25  Supply Depot  
  85  7:30  SCV  
  86  7:38  Armory x2  
  86  7:43  SCV x2, Viking x2  
  92  7:47  Siege Tank  
  95  7:55  SCV x2  
  97  7:59  Engineering Bay  
  97  8:03  Supply Depot  
  97  8:04  Orbital Command  
  97  8:07  SCV x2  
  99  8:16  Viking x2  
  99  8:17  Siege Tank  
  99  8:19  SCV x2  
  108  8:20  Refinery  
  108  8:22  Refinery  
  108  8:29  SCV  
  108  8:31  SCV x2  
  111  8:42  SCV  
  111  8:43  SCV  
  111  8:44  Terran Vehicle And Ship Armor Level 1, Terran Vehicle Weapons Level 1  
  111  8:45  SCV  
  111  8:46  Missile Turret  
  111  8:47  Missile Turret  
  111  8:48  Missile Turret x2, Viking  
  114  8:49  Viking  
  114  8:54  SCV  
  119  8:56  SCV  
  119  8:57  Siege Tank  
  119  9:00  Siege Tank, Hellion x2  
  130  9:03  SCV  
  130  9:06  SCV  
  130  9:08  Missile Turret x2, SCV  
  133  9:13  Supply Depot x2  
  133  9:15  Supply Depot  
  133  9:16  Missile Turret  
  133  9:19  Sensor Tower  
  133  9:32  Infernal Pre-Igniter  
  133  9:34  Siege Tank, Hellion x2, SCV, Viking x2  
  145  9:47  Command Center  
  145  10:00  Factory  
  145  10:02  Factory  
  145  10:04  Siege Tank, Hellion x2  
  152  10:07  Smart Servos  
  152  10:10  Viking x2  
  156  10:32  Sensor Tower, Missile Turret  
  156  10:47  Terran Vehicle Weapons Level 2  
  156  10:50  Terran Vehicle And Ship Armor Level 2  
  156  10:57  SCV  
  156  10:59  Siege Tank, SCV x2, Hellion x2  
  156  11:03  Factory Reactor, Factory Tech Lab  
  166  11:04  Siege Tank  
  166  11:05  Viking  
  166  11:09  Refinery, SCV  
  172  11:14  Refinery  
  172  11:15  Supply Depot  
  172  11:16  Supply Depot, SCV x2  
  172  11:17  Viking  
  172  11:18  Supply Depot  
  141  11:40  Sensor Tower, Supply Depot  
  141  11:41  Supply Depot  
  141  11:42  Siege Tank x3  
  141  11:43  Supply Depot, Planetary Fortress  
  150  11:52  Supply Depot  
  150  11:56  Hellion x2  
  150  11:57  Fusion Core, Hellion x2  
  158  12:03  Supply Depot  
  158  12:07  Viking x2  
  162  12:11  Command Center  
  162  12:14  Siege Tank  
  162  12:15  Hellion x2  
  169  12:18  Hellion x4  
  177  12:35  Starport  
  177  12:36  Hellion  
  179  12:38  Starport  
  179  12:40  Starport, Viking x2  
  179  12:41  Hellion x2  
  179  12:42  Siege Tank, Hellion x2  
  179  12:43  Starport  
  194  13:03  Missile Turret  
  194  13:04  Sensor Tower, Terran Ship Weapons Level 1  
  194  13:06  Terran Vehicle Weapons Level 3  
  194  13:11  Starport Tech Lab  
  194  13:14  Starport Reactor  
  194  13:16  Starport Reactor  
  194  13:19  Starport Reactor  
  194  13:20  Siege Tank x2  
  200  13:27  Missile Turret, Planetary Fortress  
  200  13:28  Refinery, Missile Turret  
  200  14:07  Missile Turret  
  200  14:18  Missile Turret  
  200  14:20  Missile Turret x2  
  200  14:28  Missile Turret  
  200  14:41  Missile Turret x2  
  200  14:45  Refinery  
  200  15:03  Missile Turret  
  200  15:08  Liberator x3  
  200  15:09  Liberator x6  
  157  15:23  Missile Turret  
  157  15:25  Siege Tank x3  
  157  15:27  Hellion  
  157  15:28  Hellion x3  
  178  15:43  Terran Vehicle And Ship Armor Level 3  
  178  15:47  Missile Turret x2  
  178  15:48  Missile Turret  
  178  15:49  Hellion  
  180  15:51  Liberator x2  
  183  15:57  Siege Tank  
  183  16:01  Siege Tank x2, Command Center, Hellion x3  
  179  16:29  Siege Tank  
  179  16:31  Liberator x5  
  175  16:36  Advanced Ballistics  
  158  16:49  Siege Tank  
  158  16:50  Siege Tank, Hellion x2  
  158  16:51  Hellion x2  
  185  17:01  Siege Tank  
  188  17:02  Command Center  
  188  17:12  Hellion  
  190  17:21  Siege Tank  
  175  17:51  Refinery, Siege Tank x2  
  175  17:54  Siege Tank  
  175  17:58  Terran Ship Weapons Level 2  
  181  18:14  Missile Turret  
  181  18:15  Planetary Fortress  
  181  18:26  Sensor Tower  
  181  18:28  Missile Turret  
  181  18:37  Missile Turret  
  181  18:42  Siege Tank x2  
  181  18:43  Siege Tank  
  181  18:45  Hellion x4  
  198  18:51  Missile Turret  
  198  19:01  Hellion  
  167  19:04  Missile Turret  
  167  19:06  Hellion  
  167  19:07  Liberator x3  
  167  19:08  Liberator x6  
  140  19:12  Missile Turret  
  140  19:14  Siege Tank  
  140  19:15  Siege Tank  
  146  19:23  Hellion x2  
  146  19:24  Missile Turret, Hellion x2  
  156  19:35  Missile Turret  
  156  19:45  Siege Tank  
  159  19:46  Siege Tank  
  159  19:47  Siege Tank  
  159  19:50  Liberator x2  
  152  20:09  Orbital Command  
  155  20:15  Terran Ship Weapons Level 3  
  155  20:20  Siege Tank x3  
  155  20:21  Hellion x4  
  172  20:41  Viking x4  
  172  20:42  Hellion, Viking x2  
  186  20:52  Siege Tank  
  189  21:03  Siege Tank  
  189  21:04  Siege Tank  
  176  21:24  Siege Tank  
  176  21:36  Siege Tank x2  
  182  21:56  Siege Tank  
  185  22:08  Siege Tank x2  
  190  22:27  Command Center  
  173  22:48  Viking x3  
  173  22:49  Viking x3  
  179  22:57  Viking  
  179  22:58  Siege Tank x2, Viking x2  
  182  22:59  Siege Tank  
  191  23:18  Refinery  
  191  23:23  Liberator x2  
  191  23:24  Liberator x2  
  165  23:51  Liberator  
  165  23:52  Liberator x4  
  138  24:03  Planetary Fortress  
  155  24:10  Hellion x4  
  155  24:11  Hellion  
  163  24:29  Refinery  
  133  24:49  Siege Tank x3, Hellion x4  
  150  25:09  Command Center  
  150  25:14  Hellion x4  
  158  25:41  Siege Tank  
  158  25:42  Siege Tank x2  
  139  26:21  Planetary Fortress  
  139  26:22  Missile Turret  
  139  26:29  Liberator x3  
  139  26:32  Siege Tank x3  
  121  26:33  Viking x2  
  97  26:42  Missile Turret  
  102  27:02  Missile Turret  
  102  27:04  Siege Tank  
  102  27:06  Refinery  
  105  27:09  Refinery  
  105  27:22  Missile Turret  
  105  27:27  Siege Tank x2  
  105  27:29  Liberator  
  88  27:30  Liberator  
  88  27:33  Hellion  
  88  27:34  Hellion x3  
  88  27:36  Siege Tank  
  99  27:42  Missile Turret  
  105  27:55  Hellion x4  
  105  27:56  Sensor Tower  
  113  27:59  Hellion x2  
  113  28:02  Missile Turret  
  117  28:08  Hellion  
  119  28:16  Hellion x3  
Tags
 
Composition
MMM BioMech
Matchup
TvT
Race
Terran
Spawn Locations
Cross Positions
Add a new tag
Caveats
  • Supply blocks, unpowered buildings, or Contaminate may cause inaccurate times.
  • Supply counts are checked every 10 seconds.